 Dungeon Crawl Stone Soup version 0.32-a0-540-g866d13106e (webtiles) character file.

Game seed: 468014461541725930

3122 hikkokomori the Changeling (level 9, -3/103 HPs)
             Began as a Coglin Hexslinger on Feb 28, 2024.
             Was a Priest of Beogh.
             Killed by divine providence
             ... invoked by Brandogh the orc apostle
              (12 damage)
             ... on level 7 of the Dungeon on Feb 29, 2024.
             The game lasted 00:30:49 (7065 turns).

hikkokomori the Changeling (Coglin Hexslinger)      Turns: 7065, Time: 00:30:50

Health: -3/103     AC: 24    Str:  8    XL:     9   Next: 91%
Magic:  11/12      EV:  2    Int: 13    God:    Beogh [***...]
Gold:   287        SH:  5    Dex: 21    Spells: 7/12 levels left

rFire   + . .        a - +1 sling {Ankhesenamen}
rCold   + . .        l - +0 sling {Xue}
rNeg    . . .        D - melded +1 robe {rC+ rF+}
rPois   +            (helmet currently unavailable)
rElec   +            (cloak currently unavailable)
rCorr   +            (gloves currently unavailable)
SInv    .            r - melded +1 pair of boots
Will    .....        n - amulet of reflection
Stlth   ++           (no ring)
HPRegen 0.37/turn    (no ring)
MPRegen 0.13/turn

%: reflection
@: brilliant, tree-form, resistant, weak-willed, revving
A: stationary, stasis, torment immunity, boosted hp, off-hand wielding, slow
wielding, warmup strikes, (no rings), (electricity resistance)
a: Renounce Religion, Smiting


You were on level 7 of the Dungeon.
You worshipped Beogh.
Beogh was most pleased with you.
You were a tree.
You visited 1 branch of the dungeon, and saw 8 of its levels.

You collected 302 gold pieces.
You spent 15 gold pieces at shops.

Inventory:

Hand Weapons
 a - a +1 sling (weapon) {Ankhesenamen}
 j - a +1 dagger of holy wrath
 l - a +0 sling (offhand) {Xue}
 u - a +0 whip
 C - a +1 dagger of speed
 E - a +0 orcbow
Missiles
 o - 66 stones
 t - a throwing net
Armour
 c - a +0 robe
 r - a +1 pair of boots (melded)
 v - a +0 kite shield
 w - a +0 ring mail
 D - a +1 robe of resistance (melded)
 F - +0 steam dragon scales
Jewellery
 i - a ring of flight
 n - an amulet of reflection (around neck)
Talismans
 d - a beast talisman (active)
Wands
 G - a wand of roots (8)
Scrolls
 m - 2 scrolls of teleportation
 s - 2 scrolls of silence {unknown}
 x - a scroll of immolation {unknown}
 y - a scroll of fear
 z - a scroll of brand weapon {unknown}
 B - a scroll of revelation
 H - a scroll of fog {unknown}
Potions
 h - a potion of lignification
 A - a potion of enlightenment {unknown}
 I - a potion of degeneration {unknown}


   Skills:
 + Level 6.0 Fighting
 + Level 6.7 Ranged Weapons
 - Level 1.7 Dodging
 - Level 2.0 Stealth
 - Level 2.0 Spellcasting
 - Level 3.0 Hexes
 - Level 3.0 Fire Magic
 - Level 7.0 Shapeshifting


You had 7 spell levels left.
You knew the following spells:

 Your Spells              Type           Power      Damage    Failure   Level
a - Jinxbite              Hex            26%        N/A       11%         2
b - Inner Flame           Hex/Fire       13%        N/A       22%         3

Your spell library contained the following spells:

 Spells                   Type           Power      Damage    Failure   Level
 Confusing Touch          Hex            13%        N/A       22%         3
 Sigil of Binding         Hex            13%        N/A       22%         3
 Kiss of Death            Conj/Necr      4%         2d5       26%         1
 Call Canine Familiar     Summ           1%         N/A       58%         3
 Hailstorm                Conj/Ice       1%         3d5       58%         3
 Summon Ice Beast         Ice/Summ       1%         N/A       58%         3
 Cause Fear               Hex            6%         N/A       58%         4
 Dimensional Bullseye     Hex/Tloc       3%         N/A       80%         4
 Animate Dead             Necr           1%         N/A       94%         4
 Dispel Undead            Necr           1%         3d6       94%         4
 Sculpt Simulacrum        Ice/Alch       0%         N/A       100%        6
 Haunt                    Necr/Summ      0%         N/A       100%        7
 Infestation              Necr           0%         N/A       100%        8


Dungeon Overview and Level Annotations

Branches:
Dungeon (8/15)             Temple (0/1) D:4
   Lair: D:8-11

Altars:
Okawaru
Sif Muna

Shops:
D:1 **

Annotations:
D:3 3 runed translucent doors, HC7's ghost, amateur TrSh


Innate Abilities, Weirdness & Mutations

You are a tree.
Your roots penetrate the ground, keeping you stationary.
You cannot be teleported.
You are immune to unholy pain and torment.
Your maximum health is greatly increased.
Your equipment is partially melded.
Your facial features look somewhat orcish.
You can wield a second weapon in your off-hand.
It takes a long time for you to wield or remove held weapons.
Your first few attacks do less damage.
((Your grasper-arms cannot wear rings.))
((You are resistant to electric shocks. (rElec)))


Message History

Casting: Jinxbite (safe; 11% risk of failure)
Confirm with . or Enter, or press ? or * to list all spells.
You beckon some vexing sprites to accompany your attacks.
You feel your willpower being sapped.
Brandogh invokes the aid of Beogh against you.
Beogh smites you!
* * * LOW HITPOINT WARNING * * *
You shoot a sling bullet.
The sling bullet hits Brandogh but does no damage.
You shoot a sling bullet.
The sling bullet closely misses Brandogh.
A giggling sprite leaps out and bonks Brandogh with their +8 whip "Snakebite" {venom, curare, rPois}.
Brandogh is lightly wounded.
A giggling sprite leaps out and bonks Brandogh with their +8 whip "Snakebite" {venom, curare, rPois}.
Brandogh is lightly wounded.
Brandogh prays to Beogh.
Brandogh's wounds begin to rapidly close.
Unknown command.
It was a potion of resistance.
You feel protected. You block Brandogh's attack.
Your magical contamination has completely faded away.
You shoot a sling bullet. The sling bullet hits Brandogh.
Brandogh is lightly wounded.
You shoot a sling bullet.
The sling bullet closely misses Brandogh.
The jinxing sprites lose interest in you.
Brandogh hits you with the +8 whip "Snakebite".
* * * LOW HITPOINT WARNING * * *
It was a potion of mutation.
You feel extremely strange.
You feel insulated.
Brandogh calls down the wrath of Beogh upon you.
Beogh smites you!
* * * LOW HITPOINT WARNING * * *
It was a potion of brilliance.
You feel clever all of a sudden.
Brandogh invokes the aid of Beogh against you.
Beogh smites you!
You die...
Beogh appreciates Brandogh's killing of a heretic priest.

..###...##
#.##.#.# #......#
.^# ##.## #.##☼#.#
######## .## #.#
#.##○#°# ##
###.######.##§#°##
#.....##.....°...#
#.....##.#....☼..#
#.....##.#.##°##.#
#.....##.#○°.o##.#
#.....##.#.##♣##.#
########°§..○..☼§#
###○#######
######### #.#
#.......# #.#
#.#####.####.#
#.##.........#
##.#...#.######
.........#


You could see Brandogh the orc apostle (regenerating, very drained, divinely
empowered).

Vanquished Creatures
  2 steam dragons (D:7)
  A water moccasin (D:7)
  A sky beast (D:7)
  An ice beast (D:7)
  An orc warrior (D:7)
  2 ogres (D:6)
  A centaur (D:7)
  2 phantoms
  2 kobold brigands
  A bullfrog (D:6)
  2 gnoll sergeants
  3 scorpions
  10 wights
  5 killer bees (D:7)
  A crimson imp (D:4)
  A bombardier beetle (D:5)
  3 hounds
  4 orc priests
  A gnoll bouda (D:7)
  A sleepcap (D:4)
  A jelly (D:7)
  3 iguanas
  An orc wizard (D:5)
  21 gnolls
  9 adders
  2 shadow imps
  A white imp (D:4)
  3 ribbon worms
  12 orcs
  9 ball pythons
  5 bats
  7 endoplasms
  A giant cockroach (D:4)
  7 goblins
  4 hobgoblins
  3 jackals (D:4)
  5 quokkas
  4 frilled lizards
  13 kobolds
  5 rats
161 creatures vanquished.

Vanquished Creatures (others)
  An orc (D:7)
1 creature vanquished.

Grand Total: 162 creatures vanquished

Notes
Turn   | Place    | Note
-------+----------+-------------------------------------------
     0 | D:1      | hikkokomori the Coglin Hexslinger began the quest for the
                  | Orb.
     0 | D:1      | Reached XP level 1. HP: 15/15 MP: 2/2
     2 | D:1      | Noticed a vampire
     2 | D:1      | Noticed a gargoyle
     4 | D:1      | Noticed a barachi
     6 | D:1      | Noticed a ghoul
    14 | D:1      | Noticed a human
    14 | D:1      | Noticed a dwarf
    16 | D:1      | Noticed a demigod
    16 | D:1      | Noticed a spriggan
    18 | D:1      | Noticed a vine stalker
    20 | D:1      | Noticed a formicid
    20 | D:1      | Noticed a minotaur
    22 | D:1      | Noticed an armataur
    24 | D:1      | Noticed a naga
    24 | D:1      | Noticed a felid
    26 | D:1      | Noticed a demonspawn
    26 | D:1      | Noticed an elf
    28 | D:1      | Noticed a draconian
    28 | D:1      | Noticed a tengu
    30 | D:1      | Noticed an oni
    30 | D:1      | Noticed a merfolk
    32 | D:1      | Noticed a troll
    32 | D:1      | Noticed an octopode
    46 | D:1      | Noticed a djinni
    57 | D:1      | Reached skill level 1 in Fire Magic
   116 | D:1      | Reached XP level 2. HP: 21/21 MP: 3/3
   208 | D:1      | Found Bozatiav's General Store.
   457 | D:1      | Found Myty's General Store.
   953 | D:2      | Reached XP level 3. HP: 26/27 MP: 4/4
   991 | D:1      | Bought a +0 sling for 15 gold pieces
  1493 | D:2      | Learned a level 2 spell: Jinxbite
  1552 | D:2      | Reached XP level 4. HP: 33/33 MP: 5/5
  2049 | D:3      | Found a shimmering blue altar of Sif Muna.
  2115 | D:3      | Reached skill level 1 in Shapeshifting
  2146 | D:3      | Became a worshipper of Beogh the Shepherd
  2324 | D:3      | Noticed a scorpion
  2331 | D:3      | Killed a scorpion
  2332 | D:3      | Reached XP level 5. HP: 29/38 MP: 3/6
  2426 | D:3      | Found a runed translucent gate.
  2427 | D:3      | Found a runed translucent gate.
  2427 | D:3      | Found a runed translucent gate.
  2429 | D:3      | Noticed HC7's ghost (amateur TrSh)
  2648 | D:4      | Reached skill level 2 in Shapeshifting
  2861 | D:4      | Reached skill level 1 in Stealth
  2865 | D:4      | Reached XP level 6. HP: 44/44 MP: 7/7
  3126 | D:4      | Found a staircase to the Ecumenical Temple.
  3199 | D:4      | Reached * piety under Beogh
  3460 | D:5      | Entered Level 5 of the Dungeon
  3798 | D:5      | Reached XP level 7. HP: 5/52 MP: 10/10
  4686 | D:5      | Reached skill level 3 in Shapeshifting
  4716 | D:6      | Reached skill level 5 in Ranged Weapons
  4779 | D:6      | Reached XP level 8. HP: 60/60 MP: 8/11
  5073 | D:6      | Reached skill level 5 in Fighting
  5073 | D:6      | Reached skill level 4 in Shapeshifting
  5240 | D:6      | Found an iron altar of Okawaru.
  5446 | D:7      | Reached skill level 5 in Shapeshifting
  5460 | D:7      | Reached XP level 9. HP: 40/68 MP: 7/12
  5613 | D:7      | Reached ** piety under Beogh
  5637 | D:7      | Reached skill level 6 in Shapeshifting
  5745 | D:7      | Reached skill level 7 in Shapeshifting
  5752 | D:7      | Learned a level 3 spell: Inner Flame
  6962 | D:7      | Reached *** piety under Beogh
  7011 | D:7      | Noticed Brandogh
  7022 | D:7      | HP: 2/69 [asphyx]
  7064 | D:7      | Gained mutation: You are resistant to electric shocks.
                  | (rElec) [potion of mutation]
  7065 | D:7      | Killed from afar by Brandogh the orc apostle

Illustrated notes

Levels and vault maps discovered:
D:1:      kb_arrival_jail, layout_basic, serial_shops, shop, shop
D:2:      layout_loops_corners, grunt_ministairs_14, hangedman_decor_push,
          minmay_tetromino_o2
D:3:      layout_loops_ring, nicolae_overflow_crystal_walls,
          ebering_ghost_rock_garden, chequers_serial_rivers_marsh
D:4:      layout_loops_ring, minmay_temple_entry_statues_fountains,
          minmay_parallelograms, minmay_fire_ice_demons
D:5:      layout_basic
D:6:      layout_cave_pools, okawaru_trees_2, minmay_misc_feat_ornament
D:7:      layout_loops_cross
D:8:      layout_cave_pools, biasface_ghost_orc_armoury

Skill      XL: |  1  2  3  4  5  6  7  8  9 |
---------------+----------------------------+-----
Fire Magic     | 1 3 |  3.0
Ranged Weapons | 2 3 4 5 6 |  6.7
Fighting       | 2 3 4 5 6 |  6.0
Shapeshifting  | 1 2 3 5 7 |  7.0
Hexes          | 3 |  3.0
Stealth        | 1 2 |  2.0
Spellcasting   | 2 |  2.0
Dodging        | |  1.7

Action                     |  1- 3 |  4- 6 |  7- 9 || total
---------------------------+-------+-------+-------++-------
   Fire: Sling             |   139 |   276 |   542 ||   957
  Throw: Dart              |       |       |     1 ||     1
   Cast: Jinxbite          |       |     3 |    32 ||    35
 Invoke: Convert to Beogh  |       |     1 |       ||     1
    Use: Scroll            |     3 |     4 |     6 ||    13
         Potion            |       |       |     9 ||     9
 Armour: Robe              |    14 |    32 |    74 ||   120
         Skin              |       |       |     3 ||     3
  Dodge: Dodged            |    16 |    30 |    88 ||   134
  Block: Other             |       |     6 |    35 ||    41
         Reflection        |       |     1 |     1 ||     2
   Form: Beast             |     1 |     2 |       ||     3
                           |     1 |     1 |       ||     2

Table legend: (Time is in decaauts)
 A = Elapsed time spent in this place.
 B = Non-inter-level travel time spent in this place.
 C = Inter-level travel time spent in this place.
 D = Time resting spent in this place.
 E = Time spent auto-exploring this place.
 F = Levels seen in this place.
 G = Mean time per level.
                   A        B        C        D        E       F      G
               +--------+--------+--------+--------+--------+-----+--------+
         Total |   7173 |   6931 |    242 |    728 |   4972 |   8 |  896.6 |
       Dungeon |   7173 |   6931 |    242 |    728 |   4972 |   8 |  896.6 |
               +--------+--------+--------+--------+--------+-----+--------+

Top non-repeatable levels by time:
     D:7: 1699 daAuts
     D:2: 1156 daAuts
     D:4: 1153 daAuts
     D:5: 966 daAuts
     D:1: 866 daAuts
     D:6: 668 daAuts
     D:3: 631 daAuts
     D:8: 32 daAuts
